 Dungeon Crawl Stone Soup version 0.30-a0-377-g5cb311bc9f (webtiles) character file.

Game seed: 7532729967813725186

397 qeuew the Trooper (level 6, -7/48 HPs)
             Began as a Demonspawn Chaos Knight on Nov 29, 2022.
             Was a Plaything of Xom.
             Mangled by an ogre
             ... wielding a +0 giant club
              (31 damage)
             ... on level 4 of the Dungeon.
             The game lasted 00:03:29 (2602 turns).

qeuew the Trooper (Demonspawn Chaos Knight)         Turns: 2602, Time: 00:03:30

Health: -7/48      AC:  5    Str: 16 (17) XL:     6   Next: 53%
Magic:  0/6        EV: 13    Int: 11 (12) God:    Xom [....*.]
Gold:   107        SH:  0    Dex: 20 (21) Spells: 5/5 levels left

rFire   + . .      SeeInvis +    a - +0 mace (chaos)
rCold   . . .      Faith    .    (no shield)
rNeg    . . .      Spirit   +    b - +2 leather armour
rPois   .          Reflect  .    (no helmet)
rElec   .          Harm     .    (no cloak)
rCorr   .          Rampage  .    (no gloves)
Will    .....                    (no boots)
Stlth   ++++......               d - amulet of guardian spirit
HPRegen 0.28/turn                f - ring of see invisible
MPRegen 0.10/turn                l - ring of protection from fire

@: no status effects
A: thin skeletal structure 3, demonic guardian 1, agile 1, strong 1
a: Renounce Religion


You were on level 4 of the Dungeon.
You worshipped Xom.
You were a beloved toy of Xom.
You visited 1 branch of the dungeon, and saw 4 of its levels.

You collected 107 gold pieces.

Inventory:

Hand Weapons
 a - a +0 mace of chaos (weapon)
Armour
 b - a +2 leather armour (worn)
Jewellery
 d - an amulet of guardian spirit (around neck)
 f - a ring of see invisible (left hand)
 l - a ring of protection from fire (right hand)
Scrolls
 i - a scroll of identify
 k - 2 scrolls of teleportation
Potions
 e - a potion of lignification {unknown}
 g - 3 potions of heal wounds
 h - 6 potions of curing
Miscellaneous
 c - a piece from Xom's chessboard (15/15) (quivered)


   Skills:
 + Level 4.2 Fighting
 + Level 3.8 Maces & Flails
 + Level 3.1 Armour
 + Level 2.8 Dodging
 + Level 2.8 Evocations


You had 5 spell levels left.
You didn't know any spells.
Your spell library contained the following spells:

 Spells                   Type           Power      Damage    Failure   Level
 Static Discharge         Conj/Air       0%         2-2/arc   54%         2
 Inner Flame              Hex/Fire       0%         N/A       77%         3
 Vhi's Electric Charge    Tloc/Air       0%         N/A       77%         3
 Cause Fear               Hex            0%         N/A       99%         4
 Arcjolt                  Conj/Air       0%         1d10      100%        5
 Lightning Bolt           Conj/Air       0%         1d11      100%        5
 Discord                  Hex            0%         N/A       100%        8


Dungeon Overview and Level Annotations

Branches:
Dungeon (4/15)
 Temple: D:4-7

Altars:
Ru


Innate Abilities, Weirdness & Mutations

You have an unnaturally thin skeletal structure. (Dex +6, Stealth+++)
A weak demonic guardian rushes to your aid.
You are agile. (Dex +4, Str/Int -1)
Your muscles are strong. (Str +4, Int/Dex -1)


Message History

No target in view!
No target in view!
No target in view!
No target in view!
No target in view!
No target in view!
No target in view!
Things that are here:
a +1 flail of draining; a +0 chain mail
Found 2 stones.
A ball python comes into view.
A ball python is nearby!
A ball python is nearby!
The ball python hisses angrily.
You see here 3 boomerangs.
Found a dyed leather armour.
An ogre comes into view. It is wielding a +0 giant club.
The ball python barely misses you. The ball python completely misses you.
You completely miss the ball python. The ball python closely misses you.
The ball python misses you.
The ogre shouts!
You sock the ball python!
You kill the ball python!
Found 2 scrolls of noise.
You hit the ogre.
The ogre is lightly wounded.
Xom grants you insight.
You detect items!
The ogre hits you with a +0 giant club!!
Ouch! That really hurt!
A shower of butterflies erupts from you!
A demonic guardian appears!
You sock the ogre!
The ogre seems to slow down.
The ogre is moderately wounded.
Unknown command.
You hit the ogre but do no damage.
The ogre easily resists.
The ogre is moderately wounded.
The ogre hits you with a +0 giant club!!
Ouch! That really hurt!
You die...

## #.. #.# #.###### #
#.#.... .# ##
#....##+#.## ∆
.##########..........#
......##...[.(.b.....#
.....>'....)..#b@5...#
......#.......#b.O...#
......#.......#....(.#
......##......#.b......#
############.##.....####
#.##.....# #.##..[..#
.##...?.# ∆


You could see an ogre (slow, ally target) and a friendly shadow imp (summoned).

Vanquished Creatures
  A scorpion (D:4)
  A howler monkey (D:4)
  Natasha (thrice) (D:4)
  Robin (D:2)
  3 adders
  3 dart slugs
  4 orcs
  7 ball pythons
  7 endoplasms
  12 giant cockroaches
  13 goblins
  8 hobgoblins
  4 kobolds
  A quokka (D:3)
  6 bats
  A frilled lizard (D:2)
  3 rats
78 creatures vanquished.

Vanquished Creatures (collateral kills)
  Blork the orc (D:4)
  Crazy Yiuf (D:2)
2 creatures vanquished.

Grand Total: 80 creatures vanquished

Notes
Turn   | Place    | Note
-------+----------+-------------------------------------------
     0 | D:1      | qeuew the Demonspawn Chaos Knight began the quest for the
                  | Orb.
     0 | D:1      | Reached XP level 1. HP: 18/18 MP: 1/1
    97 | D:1      | Reached skill level 1 in Dodging
   162 | D:1      | XOM: divination: detect items
   241 | D:1      | Found a faded altar of an unknown god.
   297 | D:1      | Gained mutation: You have a somewhat thin skeletal
                  | structure. (Dex +2, Stealth+) [demonic ancestry]
   297 | D:1      | Reached XP level 2. HP: 24/24 MP: 2/2
   385 | D:1      | XOM: smoke on damage
   612 | D:1      | XOM: silly message
   660 | D:2      | Noticed Robin
   675 | D:2      | Reached skill level 1 in Evocations
   686 | D:2      | Killed Robin
   687 | D:2      | Gained mutation: You have a moderately thin skeletal
                  | structure. (Dex +4, Stealth++) [demonic ancestry]
   687 | D:2      | Reached XP level 3. HP: 15/29 MP: 3/3
   786 | D:2      | XOM: silly message
   901 | D:2      | Found a runed translucent door.
   902 | D:2      | Noticed Crazy Yiuf
  1138 | D:2      | Gained mutation: A weak demonic guardian rushes to your
                  | aid. [demonic ancestry]
  1138 | D:2      | Reached XP level 4. HP: 33/35 MP: 4/4
  1709 | D:2      | XOM: potion effect (haste)
  1711 | D:2      | Killed Crazy Yiuf
  1715 | D:2      | Gained mutation: You are agile. (Dex +4, Str/Int -1)
                  | [potion of mutation]
  1715 | D:2      | Gained mutation: Your muscles are strong. (Str +4, Int/Dex
                  | -1) [potion of mutation]
  1771 | D:3      | Found a sacrificial altar of Ru.
  1781 | D:3      | XOM: divination: detect creatures
  1866 | D:3      | Reached XP level 5. HP: 36/42 MP: 5/5
  2073 | D:3      | XOM: silly message
  2311 | D:4      | Noticed Blork the orc
  2319 | D:4      | Killed Blork the orc
  2419 | D:4      | Reached skill level 4 in Fighting
  2419 | D:4      | Gained mutation: You have an unnaturally thin skeletal
                  | structure. (Dex +6, Stealth+++) [demonic ancestry]
  2419 | D:4      | Reached XP level 6. HP: 48/48 MP: 6/6
  2434 | D:4      | Noticed Natasha
  2441 | D:4      | Killed Natasha
  2476 | D:4      | Noticed Natasha
  2484 | D:4      | Killed Natasha
  2501 | D:4      | Noticed Natasha
  2502 | D:4      | XOM: noise
  2511 | D:4      | Killed Natasha
  2553 | D:4      | Noticed Edmund
  2558 | D:4      | Edmund changed into Edmund the howler monkey
  2558 | D:4      | Noticed Edmund
  2558 | D:4      | XOM: polymorph Edmund -> Edmund the howler monkey
  2565 | D:4      | Killed Edmund the howler monkey
  2600 | D:4      | XOM: divination: detect items
  2600 | D:4      | XOM: butterfly on damage
  2602 | D:4      | Mangled by an ogre

Illustrated notes

Levels and vault maps discovered:
D:1:      erik_arrival_blinker_ship, layout_basic, basic_ecumenical_altar
D:2:      minmay_roachtagon, layout_loops_ring, uniq_robin,
          uniq_crazy_yiuf_cottage
D:3:      layout_rooms, general_overflow_altar, minivault_11, corexii_shack,
          minivault_4
D:4:      layout_basic, uniq_edmund, uniq_sigmund, uniq_natasha,
          uniq_blork_the_orc

Skill      XL: |  1  2  3  4  5  6 |
---------------+-------------------+-----
Dodging        | 1 2 |  2.8
Armour         | 2 3 |  3.1
Evocations     | 1 2 |  2.8
Maces & Flails | 3 |  3.8
Fighting       | 4 |  4.2

Action                   |  1- 3 |  4- 6 || total
-------------------------+-------+-------++-------
Melee: Mace              |   101 |   124 ||   225
       Punch             |     2 |     2 ||     4
  Use: Scroll            |     4 |     3 ||     7
       Potion            |       |     4 ||     4
 Stab: Sleeping          |     7 |    10 ||    17
       Distracted        |       |     2 ||     2
Armor: Leather armour    |    32 |    43 ||    75
Dodge: Dodged            |    52 |    99 ||   151

Table legend: (Time is in decaauts)
 A = Elapsed time spent in this place.
 B = Non-inter-level travel time spent in this place.
 C = Inter-level travel time spent in this place.
 D = Time resting spent in this place.
 E = Time spent auto-exploring this place.
 F = Levels seen in this place.
 G = Mean time per level.
                   A        B        C        D        E       F      G
               +--------+--------+--------+--------+--------+-----+--------+
         Total |   2654 |   2594 |     60 |      0 |   2013 |   4 |  663.5 |
       Dungeon |   2654 |   2594 |     60 |      0 |   2013 |   4 |  663.5 |
               +--------+--------+--------+--------+--------+-----+--------+

Top non-repeatable levels by time:
     D:2: 1122 daAuts
     D:1: 668 daAuts
     D:3: 531 daAuts
     D:4: 331 daAuts
